 Dungeon Crawl Stone Soup version 0.30-a0-913-g9934a0ce24 (webtiles) character file.

Game seed: 1922048624957628373

1091 hikkokomori the Shooter (level 8, -4/64 HPs)
             Began as a Barachi Hunter on Mar 20, 2023.
             Killed from afar by a steam dragon (9 damage)
             ... with a ball of steam
             ... on level 6 of the Dungeon.
             The game lasted 00:09:02 (3572 turns).

hikkokomori the Shooter (Barachi Hunter)            Turns: 3572, Time: 00:09:03

Health: -4/64      AC: 12    Str: 13    XL:     8   Next: 31%
Magic:  8/8        EV: 12    Int:  9    God:
Gold:   225        SH:  0    Dex: 18    Spells: 3/7 levels left

rFire   . . .      SeeInvis .    a - +1 shortbow
rCold   . . .      Faith    .    (shield currently unavailable)
rNeg    . . .      Spirit   .    i - +4 ring mail
rPois   .          Reflect  .    g - +0 helmet
rElec   .          Rampage  .    m - +0 cloak
rCorr   .                        (no gloves)
Will    .....                    (no boots)
Stlth   ++                       (no amulet)
HPRegen 0.30/turn                (no ring)
MPRegen 0.11/turn                (no ring)

@: slow
A: amphibious, slowness 1, strong legs 1, +LOS
a: Hop


You were on level 6 of the Dungeon.
You visited 1 branch of the dungeon, and saw 6 of its levels.

You collected 225 gold pieces.

Inventory:

Hand Weapons
 a - a +1 shortbow (weapon)
Armour
 c - a +0 leather armour
 g - a +0 helmet (worn)
 i - a +4 ring mail (worn)
 m - a +0 cloak (worn)
Jewellery
 k - an amulet of faith
Wands
 s - a wand of roots (12)
Scrolls
 b - a scroll of fear {unknown}
 d - a scroll of noise
 h - a scroll of enchant weapon
 p - a scroll of fog {unknown}
 q - a scroll of enchant armour {unknown}
 r - a scroll of identify {unknown}
Potions
 e - a potion of haste {unknown}
 f - a potion of brilliance {unknown}
 j - 3 potions of curing {unknown}
 l - 2 potions of flight
 n - a potion of might {unknown}
 o - a potion of heal wounds {unknown}


   Skills:
 + Level 6.0 Fighting
 + Level 6.6 Ranged Weapons
 + Level 4.3 Armour
 + Level 3.1 Dodging
 + Level 4.5 Stealth


You had 3 spell levels left.
You knew the following spells:

 Your Spells              Type           Power      Damage    Failure   Level
a - Cause Fear            Hex            0%         N/A       100%        4

Your spell library contained the following spells:

 Spells                   Type           Power      Damage    Failure   Level
 Lesser Beckoning         Tloc           0%         N/A       77%         2
 Gell's Gravitas          Tloc           0%         N/A       94%         3
 Inner Flame              Hex/Fire       0%         N/A       94%         3
 Teleport Other           Tloc           0%         N/A       94%         3
 Conjure Ball Lightning   Conj/Air       0%         3x3d6     100%        6
 Discord                  Hex            0%         N/A       100%        8
 Disjunction              Tloc           0%         N/A       100%        8


Dungeon Overview and Level Annotations

Branches:
Dungeon (6/15)
 Temple: D:4-7

Altars:
Cheibriados

Shops:
D:4 (


Innate Abilities, Weirdness & Mutations

You are amphibious.
You cover ground slowly.
You can hop short distances.
You have an extended range of vision and can be seen from far away.


Message History

A steam dragon comes into view.
You see here 2 yellow potions.
A steam dragon is nearby!
A steam dragon is nearby!
j - 3 yellow potions (gained 2)
You shoot an arrow. The arrow hits the steam dragon!
The steam dragon hisses angrily.
The steam dragon is moderately wounded.
You shoot an arrow. The arrow hits the steam dragon!
The steam dragon is heavily wounded.
You shoot an arrow.
The arrow closely misses the steam dragon.
You shoot an arrow. The arrow hits the steam dragon.
The steam dragon is severely wounded.
You shoot an arrow.
The arrow closely misses the steam dragon.
The steam dragon breathes steam at you. The ball of steam hits you!!
You shoot an arrow. The arrow hits the steam dragon!
The steam dragon is almost dead.
You are engulfed in a cloud of scalding steam.
The steam dragon bites you. The steam dragon completely misses you.
You shoot an arrow.
The arrow barely misses the steam dragon.
You are engulfed in a cloud of scalding steam.
The steam dragon bites you. The steam dragon claws you.
The steam dragon barely misses you. The steam dragon closely misses you.
You are too injured to fight recklessly!
You are too injured to fight recklessly!
Found 2 boomerangs.
The steam dragon breathes steam at you. The ball of steam hits you!
* * * LOW HITPOINT WARNING * * *
You shoot an arrow.
The arrow completely misses the steam dragon.
You are engulfed in a cloud of scalding steam.
* * * LOW HITPOINT WARNING * * *
The steam dragon breathes steam at you. The ball of steam hits you!
You die...

.................)...##
....................###
.##.....................
...........###......
.......#..## #.....
.......#..## #....
.......#..# #...
.......#..## ...
.).....D@ยงยง# #.
............#
......?.>.....(.
...............##
...............#
..#.............#
................#
...............##
.#####........##


You could see a steam dragon (catching breath).

Vanquished Creatures
  An ice beast (D:5)
  A black bear (D:4)
  2 bullfrogs (D:6)
  Blork the orc (D:6)
  3 scorpions
  A howler monkey (D:5)
  An orc priest (D:3)
  A gnoll bouda (D:5)
  2 jellies (D:6)
  5 iguanas
  An orc wizard (D:3)
  A sleepcap (D:6)
  A mummy (D:5)
  7 gnolls
  7 adders
  A white imp (D:5)
  2 worms
  A dart slug (D:1)
  5 orcs
  6 ball pythons
  4 bats
  2 endoplasms
  3 giant cockroaches
  5 hobgoblins
  3 kobolds
  3 quokkas
  A frilled lizard (D:3)
  7 goblins
  4 rats
82 creatures vanquished.

Vanquished Creatures (others)
  4 plants (D:3)
4 creatures vanquished.

Grand Total: 86 creatures vanquished

Notes
Turn   | Place    | Note
-------+----------+-------------------------------------------
     0 | D:1      | hikkokomori the Barachi Hunter began the quest for the Orb.
     0 | D:1      | Reached XP level 1. HP: 17/17 MP: 1/1
    53 | D:1      | Reached skill level 1 in Stealth
   171 | D:1      | Reached XP level 2. HP: 23/23 MP: 2/2
   666 | D:2      | Reached XP level 3. HP: 29/29 MP: 3/3
   669 | D:2      | You fall into a shaft and drop 1 floor!
   989 | D:3      | Reached XP level 4. HP: 35/35 MP: 4/4
  1152 | D:3      | Reached skill level 5 in Ranged Weapons
  1425 | D:3      | Reached XP level 5. HP: 37/42 MP: 5/5
  1801 | D:4      | Learned a level 4 spell: Cause Fear
  1942 | D:4      | Reached skill level 1 in Armour
  2042 | D:4      | Noticed a black bear
  2056 | D:4      | Killed a black bear
  2057 | D:4      | Reached XP level 6. HP: 7/49 MP: 6/6
  2352 | D:4      | Found Siff's Weapon Shop.
  2403 | D:5      | Entered Level 5 of the Dungeon
  2738 | D:5      | Noticed an ice beast
  2752 | D:5      | Killed an ice beast
  2753 | D:5      | Reached XP level 7. HP: 55/55 MP: 7/7
  2834 | D:5      | Reached skill level 5 in Fighting
  3109 | D:5      | Found a snail-covered altar of Cheibriados.
  3247 | D:6      | Reached XP level 8. HP: 14/64 MP: 8/8
  3532 | D:6      | Noticed Blork the orc
  3542 | D:6      | Killed Blork the orc
  3572 | D:6      | Killed from afar by a steam dragon

Illustrated notes

Levels and vault maps discovered:
D:1:      grunt_arrival_lava_bath, layout_rooms
D:2:      layout_loops_ring, kennysheep_generic_room_2
D:3:      layout_basic, serial_bayou, serial_bayou_pond_b, serial_bayou_shore_b,
          serial_bayou_crossing, serial_bayou_pond_e, eino_tiny_chamber,
          minmay_misc_feat_roman, minivault_23
D:4:      layout_basic, serial_shops, nicolae_shop_bloodbath_and_beyond
D:5:      layout_basic, chei_slow_surprise, minivault_11
D:6:      layout_cave_pools, hangedman_abyss_or_decor_passed,
          uniq_crazy_yiuf_cottage, uniq_blork_the_orc

Skill      XL: |  1  2  3  4  5  6  7  8 |
---------------+-------------------------+-----
Stealth        | 1 2 3 4 |  4.5
Fighting       | 3 4 5 6 |  6.0
Ranged Weapons | 5 6 |  6.6
Armour         | 1 2 4 |  4.3
Dodging        | 3 |  3.1

Action                     |  1- 3 |  4- 6 |  7- 9 || total
---------------------------+-------+-------+-------++-------
  Melee: Shortbow          |       |     1 |       ||     1
   Fire: Shortbow          |    82 |   163 |   114 ||   359
Ability: Hop               |     1 |     4 |     2 ||     7
    Use: Scroll            |       |     2 |     3 ||     5
         Potion            |       |     1 |     1 ||     2
 Armour: Leather armour    |     6 |       |       ||     6
         Ring mail         |     4 |    54 |    32 ||    90
  Dodge: Dodged            |    24 |    59 |    59 ||   142

Table legend: (Time is in decaauts)
 A = Elapsed time spent in this place.
 B = Non-inter-level travel time spent in this place.
 C = Inter-level travel time spent in this place.
 D = Time resting spent in this place.
 E = Time spent auto-exploring this place.
 F = Levels seen in this place.
 G = Mean time per level.
                   A        B        C        D        E       F      G
               +--------+--------+--------+--------+--------+-----+--------+
         Total |   4182 |   4063 |    119 |    116 |   3106 |   6 |  697.0 |
       Dungeon |   4182 |   4063 |    119 |    116 |   3106 |   6 |  697.0 |
               +--------+--------+--------+--------+--------+-----+--------+

Top non-repeatable levels by time:
     D:3: 1328 daAuts
     D:5: 898 daAuts
     D:4: 707 daAuts
     D:1: 596 daAuts
     D:6: 447 daAuts
     D:2: 204 daAuts
